 Dungeon Crawl Stone Soup version 0.29.1-1-gd02db69 (webtiles) character file.

Game seed: 7055514576403107904

132 Jonnyslop the Trooper (level 5, 0/34 HPs)
             Began as a Gargoyle Fighter on Oct 24, 2022.
             Killed by divine providence
             ... invoked by an orc priest
              (11 damage)
             ... on level 3 of the Dungeon on Oct 25, 2022.
             The game lasted 00:06:56 (2040 turns).

Jonnyslop the Trooper (Gargoyle Fighter)            Turns: 2040, Time: 00:06:58

Health: 0/34       AC: 10    Str: 22    XL:     5   Next: 15%
Magic:  14/14      EV:  9    Int:  8    God:
Gold:   64         SH:  4    Dex:  9    Spells: 4/4 levels left

rFire   . . .      SeeInvis .   a - +0 flail
rCold   . . .      Faith    .   c - +0 buckler
rNeg    + . .      Spirit   .   b - +0 scale mail
rPois   ∞          Reflect  .   (no helmet)
rElec   +          Harm     .   (no cloak)
rCorr   .          Rampage  .   (no gloves)
Will    .....                   (no boots)
Stlth   ..........              (no amulet)
HPRegen 0.11/turn               l - ring of magical power
MPRegen 0.14/turn               (no ring)

@: no status effects
A: sickness immunity, AC +4, negative energy resistance 1, electricity
resistance, torment resistance 1, petrification resistance
a: no special abilities


You were on level 3 of the Dungeon.
You visited 1 branch of the dungeon, and saw 3 of its levels.

You collected 162 gold pieces.
You spent 98 gold pieces at shops.

Inventory:

Hand Weapons
 a - a +0 flail (weapon)
Armour
 b - a +0 scale mail (worn)
 c - a +0 buckler (worn)
Jewellery
 l - a ring of magical power (left hand)
Wands
 i - a wand of roots (8)
Scrolls
 j - a scroll of silence
 k - a scroll of fear
 n - 2 scrolls of noise
Potions
 d - a potion of might
 e - a potion of brilliance
 f - a potion of flight
 g - 2 potions of curing {unknown}
 h - 2 potions of berserk rage
 m - 2 potions of heal wounds


   Skills:
 + Level 4.4 Fighting
 * Level 4.3 Maces & Flails
 - Level 3.2 Armour
 - Level 3.2 Shields


You had 4 spell levels left.
You didn't know any spells.
Your spell library contained the following spells:

 Spells                   Type           Power      Damage    Failure   Level
 Sandblast                Erth           0%         2d4       83%         1
 Passwall                 Tmut/Erth      0%         N/A       92%         2
 Dazzling Flash           Conj/Hex       0%         N/A       99%         3
 Stone Arrow              Conj/Erth      0%         3d7       99%         3
 Agony                    Necr           0%         N/A       100%        5
 Silence                  Hex/Air        0%         N/A       100%        5


Dungeon Overview and Level Annotations

Branches:
Dungeon (3/15)

Altars:
Gozag
Hepliaklqana

Shops:
D:3 ?


Innate Abilities, Weirdness & Mutations

You are immune to sickness and miasma.
Your stone body is resilient. (AC +4)
You are immune to poison.
You resist negative energy. (rN+)
You are resistant to electric shocks. (rElec)
You are resistant to unholy torment.
You are immune to petrification.


Message History

The orc priest is moderately wounded.
The orc priest misses you. Something hits you.
You barely miss the orc priest.
The orc priest is moderately wounded.
The orc priest hits you but does no damage.
You block something's attack.
You barely miss the orc priest.
The orc priest is moderately wounded.
The orc priest calls down the wrath of Beogh upon you.
Beogh smites you!
You hear some strange, mumbled words.
Something tries to affect you, but you resist.
You are too injured to fight recklessly!
You are too injured to fight recklessly!
You are too injured to fight recklessly!
You hit the orc priest but do no damage.
The orc priest is moderately wounded.
The orc priest hits you but does no damage.
Something hits you but does no damage.
The orc priest hits you with a +0 hand axe.
* * * LOW HITPOINT WARNING * * *
Something hits you but does no damage.
It was a potion of heal wounds.
You feel much better. Something hits you but does no damage.
The orc priest hits you but does no damage.
Unknown command.
You barely miss the orc priest.
The orc priest is moderately wounded.
The orc priest barely misses you. Something hits you.
You barely miss the orc priest.
The orc priest is moderately wounded.
The orc priest mumbles some strange prayers to Beogh against you.
Beogh smites you! Something hits you but does no damage.
You completely miss the orc priest.
The orc priest is moderately wounded.
The orc priest hits you with a +0 hand axe.
Something hits you but does no damage.
The orc priest calls down the wrath of Beogh upon you.
Beogh smites you!
You die...

#..# .....# #..######.#
#.......#.#
########.......#.#
..........#....#.#
.#.......#....#
#.......#.#..#
###....##.#..#
#....##.#{@#
#######....##.#.o)......
...........##.#...".####
....................#
........########)...#
........# #....#
........# #....#
#.......# #....#
##......#


You could see an orc priest.

Vanquished Creatures
  An orc priest (D:3)
  3 adders (D:2)
  5 dart slugs
  A worm (D:2)
  2 orcs (D:3)
  6 endoplasms
  A giant cockroach (D:2)
  9 goblins
  4 hobgoblins
  6 quokkas
  6 ball pythons
  3 bats
  3 frilled lizards
  6 kobolds
  5 rats
61 creatures vanquished.

Vanquished Creatures (others)
  3 plants (D:3)
3 creatures vanquished.

Grand Total: 64 creatures vanquished

Notes
Turn   | Place    | Note
-------+----------+-------------------------------------------
     0 | D:1      | Jonnyslop the Gargoyle Fighter began the quest for the Orb.
     0 | D:1      | Reached XP level 1. HP: 14/14 MP: 1/1
     6 | D:1      | Noticed a swamp drake
     6 | D:1      | Noticed a komodo dragon
     6 | D:1      | Noticed a hog
    10 | D:1      | Noticed a black mamba
   110 | D:1      | Reached XP level 2. HP: 19/19 MP: 2/2
   438 | D:1      | Reached XP level 3. HP: 24/24 MP: 3/3
   634 | D:1      | Found a faded altar of an unknown god.
  1158 | D:2      | Reached XP level 4. HP: 29/29 MP: 4/4
  1816 | D:3      | Found a hazy altar of Hepliaklqana.
  1838 | D:3      | Found an opulent altar of Gozag.
  1949 | D:3      | Found Ykeraerch's Magic Scroll Shoppe.
  1954 | D:3      | Bought a scroll of noise for 14 gold pieces
  1954 | D:3      | Bought a scroll of poison for 56 gold pieces
  1954 | D:3      | Bought a scroll of identify for 28 gold pieces
  2023 | D:3      | Reached XP level 5. HP: 34/34 MP: 5/5
  2040 | D:3      | Killed from afar by an orc priest

Illustrated notes

Levels and vault maps discovered:
D:1:      onia_arrival_zoo_common, layout_basic,
          chequers_ecumenical_altar_island
D:2:      layout_loops_ring, minivault_11, minmay_domino_2
D:3:      layout_basic, mainiacjoe_overflow_tiny_flanked, grunt_gozag_statues,
          serial_shops, shop, nicolae_shop_statue_plus,
          nicolae_shop_hallway_plus, serial_co_window_serial,
          co_window_corner_a, co_window_of_opportunity_a, co_window_corner_a,
          co_window_of_opportunity_a, co_window_of_opportunity_a,
          co_window_unsneaky_path_d, co_window_paths_c,
          co_window_of_opportunity_c, glass_columns_a, glass_columns_a,
          glass_columns_a, glass_columns_b, glass_columns_a, st_stairs_8,
          minmay_misc_feat_doors, minivault_25, serial_bayou_ford_a

Skill      XL: |  1  2  3  4 |
---------------+-------------+-----
Maces & Flails | 3 4 |  4.3
Fighting       | 4 |  4.4
Armour         | |  3.2
Shields        | |  3.2

Action                   |  1- 3 |  4- 6 || total
-------------------------+-------+-------++-------
Melee: Flail             |   122 |    75 ||   197
  Use: Scroll            |     3 |     5 ||     8
       Potion            |       |     1 ||     1
Armor: Scale mail        |    72 |    63 ||   135
Dodge: Dodged            |    65 |    29 ||    94
Block: Buckler           |    18 |    20 ||    38
